 Dungeon Crawl Stone Soup version 0.18-b1-23-gf76aad1 (webtiles) character file.

2174 arokh1 the Chopper (level 9, -6/75 HPs)
             Began as a Minotaur Berserker on May 4, 2016.
             Was an Elder of Trog.
             Killed from afar by a steam dragon (34 damage)
             ... with an exploding inner flame
             ... hexed by the player character
             ... on level 8 of the Dungeon on May 5, 2016.
             The game lasted 01:29:00 (7875 turns).

arokh1 the Chopper (Minotaur Berserker)             Turns: 7875, Time: 01:29:01

Health: -6/75      AC: 12    Str: 26    XL:     9   Next: 11%
Magic:  8/8        EV: 13    Int:  4    God:    Trog [****..]
Gold:   441        SH:  0    Dex:  9    Spells: 0 memorised, 8 levels left

rFire  . . .     SeeInvis .     x - +0 war axe
rCold  . . .     Gourm    .     i - +5 ring mail
rNeg   + . .     Faith    .     (no shield)
rPois  .         Spirit   .     (helmet restricted)
rElec  .         Dismiss  .     (no cloak)
rCorr  .         Reflect  .     L - +0 pair of gloves
SustAt .         Harm     .     (no boots)
MR     +....                    (no amulet)
Stlth  +.........               u - ring of protection from magic
                                p - ring of positive energy

@: somewhat resistant to hostile enchantments, very unstealthy
A: retaliatory headbutt, horns 2
a: Berserk, Trog's Hand, Brothers in Arms, Burn Spellbooks, Renounce Religion


You were on level 8 of the Dungeon.
You worshipped Trog.
Trog was greatly pleased with you.
You were very hungry.

You visited 1 branch of the dungeon, and saw 8 of its levels.
You also visited: Sewer and Ossuary.

You collected 441 gold pieces.

Inventory:

Hand Weapons
 a - a +0 hand axe
 t - a +0 vampiric trident
 v - a +0 flail
 x - a +0 war axe (weapon)
Missiles
 e - 44 poisoned needles
 h - 102 arrows
 j - 177 stones (quivered)
 N - 8 tomahawks
Armour
 i - a +5 ring mail (worn)
 L - a +0 pair of gloves (worn)
Jewellery
 p - a ring of positive energy (left hand)
 u - a ring of protection from magic (right hand)
 Q - an uncursed amulet of guardian spirit {unknown}
 V - a cursed amulet of inaccuracy {unknown}
Wands
 F - a wand of lightning (0/15)
 M - a wand of iceblast (5/15)
 O - a wand of confusion (14/48)
 R - a wand of acid (0/15)
 U - a wand of flame (20/48)
Scrolls
 b - 2 scrolls of random uselessness {unknown}
 d - a scroll of identify
 k - 5 scrolls of remove curse {unknown}
 l - 5 scrolls of noise {unknown}
 w - 4 scrolls of immolation
 y - a scroll of enchant weapon {unknown}
 A - a scroll of recharging {unknown}
 G - 2 scrolls of magic mapping
 H - a scroll of enchant armour
 I - 3 scrolls of teleportation
 P - a scroll of blinking
Potions
 f - 2 potions of curing
 g - a potion of cancellation {unknown}
 m - 3 potions of flight
 n - 4 potions of haste
 r - a potion of might {unknown}
 s - 8 potions of degeneration {unknown}
 B - a potion of heal wounds
 D - 3 potions of lignification {unknown}
 J - 3 potions of brilliance {unknown}
 S - a potion of invisibility {unknown}
Books
 E - a book of Transfigurations

   Spells                             Type                      Level
   a - Irradiate                      Conjuration/Transmutation    5
   b - Statue Form                    Transmutation/Earth          6
   c - Hydra Form                     Transmutation                6
   d - Dragon Form                    Transmutation                7
   Trog disapproves of the use of such an item.
Comestibles
 c - 3 bread rations
 o - a royal jelly
 z - 2 meat rations
 C - a fruit


   Skills:
 + Level 6.1 Fighting
 + Level 7.8 Axes
 + Level 5.0 Throwing
 + Level 6.8 Armour
 + Level 6.6 Dodging
 + Level 1.3 Stealth
 + Level 0.8 Evocations


You had 8 spell levels left.
You didn't know any spells.

Dungeon Overview and Level Annotations

Branches:
Dungeon (8/15)             Temple (0/1) D:5
   Lair: D:8-11

Altars:
Ashenzari
Pakellas

Shops:
D:6 (


Innate Abilities, Weirdness & Mutations

You reflexively headbutt those who attack you in melee.
You have a pair of horns on your head.


Message History

You completely miss the steam dragon. Your headbutt misses the steam dragon.
The steam dragon is almost dead.
You are engulfed in a cloud of scalding steam.
The steam dragon breathes steam at you. The ball of steam hits you!
You closely miss the steam dragon.
The steam dragon is almost dead.
You are engulfed in a cloud of scalding steam.
The steam dragon barely misses you. The steam dragon claws you.
You barely miss the steam dragon.
The steam dragon is almost dead.
The steam dragon bites you.
* * * LOW HITPOINT WARNING * * *
The steam dragon claws you.
* * * LOW HITPOINT WARNING * * *
You feel better. The steam dragon barely misses you. You furiously retaliate!
You headbutt the steam dragon!
The steam dragon explodes!
The fiery explosion engulfs you!
You die...

###.....# #.....# #.#
#.....# #.# # ##'####
#.# # #.# #.# #
#.#########.### #
#..........§..
######.......#§#####.#..
'...('.).(...(§§@....'..
######.......#...(...#).
# #.......#.#####.# #
#.......#.# .c #
#.......... # #
#####''.... .....#
#.#..... .....# #.#.....
.....#


You could see a centaur.

Vanquished Creatures
  A hippogriff (D:7)
  A sky beast (D:5)
  An ice beast (D:7)
  A phantom (D:6)
  3 ogres
  A big kobold (Sewer)
  2 giant frogs (D:8)
  A killer bee (D:8)
  A scorpion (D:4)
  3 wights (D:6)
  2 howler monkeys
  2 crimson imps
  A human zombie (Ossuary)
  2 centaur zombies
  2 orc priests
  A giant frog zombie (D:6)
  5 hounds
  A jelly (D:6)
  An iguana (D:4)
  An orc wizard (D:3)
  4 worker ants
  A big kobold zombie (Ossuary)
  A hound zombie (D:6)
  5 mummies (Ossuary)
  2 worker ant zombies (D:5)
  4 gnolls (D:3)
  13 adders
  2 river rats (Sewer)
  A shadow imp (D:6)
  2 oozes
  A worm (D:2)
  A dart slug (D:1)
  7 giant geckos
  14 orcs
  4 ball pythons (D:3)
  7 giant cockroaches
  7 goblins
  5 hobgoblins
  5 jackals
  6 quokkas
  9 bats
  5 giant newts
  2 goblin zombies (Ossuary)
  3 hobgoblin zombies (Ossuary)
  A jackal zombie (D:5)
  13 kobolds
  12 rats
170 creatures vanquished.

Notes
Turn   | Place    | Note
--------------------------------------------------------------
     0 | D:1      | arokh1 the Minotaur Berserker began the quest for the Orb.
     0 | D:1      | Reached XP level 1. HP: 19/19 MP: 0/0
   138 | D:1      | Reached XP level 2. HP: 27/27 MP: 1/1
   160 | D:1      | Reached skill level 4 in Axes
   617 | D:1      | Reached ** piety under Trog
   738 | D:1      | Reached XP level 3. HP: 33/33 MP: 2/2
  1606 | D:3      | Reached XP level 4. HP: 21/40 MP: 3/3
  1970 | D:3      | Found a glowing drain.
  1987 | Sewer    | Entered a sewer
  1989 | Sewer    | Reached *** piety under Trog
  2223 | Sewer    | Noticed a big kobold
  2244 | Sewer    | Killed a big kobold
  2244 | Sewer    | Reached XP level 5. HP: 36/47 MP: 4/4
  2460 | Sewer    | Found a white marble altar of Elyvilon.
  2589 | D:3      | Reached skill level 1 in Throwing
  2844 | D:3      | Reached XP level 6. HP: 21/53 MP: 5/5
  3004 | D:3      | Reached skill level 5 in Axes
  3575 | D:4      | Found an oddly glowing altar of Pakellas.
  3676 | D:4      | Reached skill level 5 in Armour
  3986 | D:4      | Reached **** piety under Trog
  4248 | D:5      | Entered Level 5 of the Dungeon
  4250 | D:5      | Got a bound jade ring
  4270 | D:5      | Reached XP level 7. HP: 60/60 MP: 6/6
  4330 | D:5      | Reached skill level 1 in Stealth
  4339 | D:5      | Reached skill level 5 in Fighting
  4432 | D:5      | Reached skill level 6 in Axes
  4432 | D:5      | Reached skill level 5 in Dodging
  4772 | D:5      | Found a staircase to the Ecumenical Temple.
  4972 | D:5      | Reached XP level 8. HP: 68/68 MP: 7/7
  5478 | D:6      | Found Nirchazxo's Antique Weapon Shoppe.
  5538 | D:6      | Found a shattered altar of Ashenzari.
  6400 | D:7      | Reached skill level 7 in Axes
  7564 | D:8      | Reached XP level 9. HP: 75/75 MP: 8/8
  7583 | D:8      | Found a sand-covered staircase.
  7588 | Ossuary  | Entered an ossuary
  7592 | Ossuary  | Identified the ring "Utaakyf" {Wiz rPois} (You found it on level 5 of the Dungeon)
  7619 | Ossuary  | Reached skill level 5 in Throwing
  7875 | D:8      | Killed from afar by a steam dragon

Skill      XL: |  1  2  3  4  5  6  7  8  9 |
---------------+----------------------------+-----
Axes           | 4 5 6 7 |  7.8
Fighting       | 4 5 6 |  6.1
Armour         | 4 5 6 |  6.8
Dodging        | 3 4 5 6 |  6.6
Throwing       | 1 2 3 4 5 |  5.0
Stealth        | 1 |  1.3
Evocations     | |  0.8

Action                   |  1- 3 |  4- 6 |  7- 9 || total
-------------------------+-------+-------+-------++-------
Melee: Hand axe          |    89 |   133 |       ||   222
       Headbutt          |     7 |    25 |    39 ||    71
       War axe           |       |    35 |   206 ||   241
Throw: Stone             |    46 |    67 |   127 ||   240
Evoke: Wand              |       |       |     8 ||     8
  Use: Scroll            |     2 |     7 |    10 ||    19
       Potion            |     1 |     2 |     3 ||     6
  Eat: Bread ration      |       |     2 |     1 ||     3
       Meat ration       |       |     1 |       ||     1
       Fruit             |       |       |     2 ||     2
       Pizza             |       |       |     1 ||     1
Armor: Animal skin       |     1 |       |       ||     1
       Ring mail         |    19 |    65 |    73 ||   157
Dodge: Dodged            |    61 |   119 |   136 ||   316
